 Dungeon Crawl Stone Soup version 0.30-a0-782-ge64f9170bb (webtiles) character file.

Game seed: 15753283751992234821

2718 Leeroy the Fencer (level 9, 0/61 HPs)
             Began as a Merfolk Gladiator on Feb 25, 2023.
             Killed from afar by a steam dragon (23 damage)
             ... with a ball of steam
             ... on level 7 of the Dungeon.
             The game lasted 00:11:36 (6862 turns).

Leeroy the Fencer (Merfolk Gladiator)               Turns: 6862, Time: 00:11:36

Health: 0/61       AC:  5    Str: 14    XL:     9   Next: 66%
Magic:  9/9        EV: 15    Int:  8    God:
Gold:   122        SH:  0    Dex: 19    Spells: 3/8 levels left

rFire   . . .      SeeInvis .    K - +6 great sword (vamp)
rCold   + . .      Faith    +    (shield currently unavailable)
rNeg    + . .      Spirit   .    b - +0 leather armour
rPois   .          Reflect  .    c - +0 helmet
rElec   .          Harm     .    (no cloak)
rCorr   .          Rampage  .    (no gloves)
Will    .....                    l - +0 pair of boots
Stlth   +                        i - amulet of faith
HPRegen 0.30/turn                f - ring of protection from cold
MPRegen 0.11/turn                h - ring of positive energy

@: no status effects
A: (nimble swimmer 2), mertail
a: no special abilities


You were on level 7 of the Dungeon.
You visited 1 branch of the dungeon, and saw 7 of its levels.
You also visited: Sewer.

You collected 359 gold pieces.
You spent 237 gold pieces at shops.

Inventory:

Hand Weapons
 a - a +0 long sword
 y - a +1 dagger of draining
 z - a +1 short sword of flaming
 G - a +2 falchion of flaming
 K - a +6 vampiric great sword (weapon)
 R - a +0 short sword
Missiles
 d - 4 throwing nets (quivered)
 e - 7 javelins
 t - 23 poisoned darts
 P - 2 curare-tipped darts
Armour
 b - a +0 leather armour (worn)
 c - a +0 helmet (worn)
 l - a +0 pair of boots (worn)
 u - the +3 cloak "Wufumut" {Will+ rCorr Str+8 Dex-3}
   (You found it on level 3 of the Dungeon)

   Str:       It affects your strength (+8).
   Dex:       It affects your dexterity (-3).
   rCorr:     It protects you from acid and corrosion.
   Will:      It increases your willpower.
 Q - a +0 pair of boots
Jewellery
 f - a ring of protection from cold (left hand)
 h - a ring of positive energy (right hand)
 i - an amulet of faith (around neck)
 k - a ring of resist corrosion
Wands
 r - a wand of charming (21)
 B - a wand of quicksilver (10)
Scrolls
 j - 4 scrolls of teleportation
 n - a scroll of fog
 p - 4 scrolls of noise
 s - a scroll of poison
 v - a scroll of enchant armour
 A - a scroll of blinking
 C - a scroll of silence {unknown}
 D - a scroll of fear {unknown}
 E - a scroll of torment {unknown}
 F - a scroll of brand weapon {unknown}
 I - 2 scrolls of vulnerability {unknown}
 J - a scroll of enchant weapon {unknown}
 L - a scroll of magic mapping {unknown}
 O - a scroll of acquirement {unknown}
Potions
 g - a potion of degeneration {unknown}
 m - 2 potions of haste {unknown}
 o - 4 potions of might {unknown}
 q - 2 potions of curing {unknown}
 w - a potion of ambrosia {unknown}
 x - 3 potions of brilliance {unknown}
 H - 2 potions of mutation {unknown}
 M - a potion of magic {unknown}
 N - a potion of invisibility {unknown}


   Skills:
 - Level 2.1 Fighting
 - Level 15.1 Long Blades
 - Level 2.0 Throwing
 + Level 5.6 Dodging


You had 3 spell levels left.
You knew the following spells:

 Your Spells              Type           Power      Damage    Failure   Level
a - Wereblood             Tmut           0%         N/A       63%         2
b - Frozen Ramparts       Ice            0%         1d1       86%         3

Your spell library contained the following spells:

 Spells                   Type           Power      Damage    Failure   Level
 Apportation              Tloc           0%         N/A       50%         1
 Beastly Appendage        Tmut           0%         N/A       50%         1
 Kiss of Death            Conj/Necr      0%         2d5       50%         1
 Magic Dart               Conj           0%         1d3       50%         1
 Necrotise                Necr           0%         1d4       50%         1
 Summon Small Mammal      Summ           0%         N/A       50%         1
 Call Imp                 Summ           0%         N/A       63%         2
 Confusing Touch          Hex            0%         N/A       86%         3
 Mephitic Cloud           Conj/Pois/Air  0%         N/A       86%         3
 Spider Form              Tmut/Pois      0%         N/A       86%         3
 Dispel Undead            Necr           0%         3d6       99%         4
 Ice Form                 Ice/Tmut       0%         N/A       99%         4
 Summon Ice Beast         Ice/Summ       0%         N/A       99%         4


Dungeon Overview and Level Annotations

Branches:
Dungeon (7/15)              Sewer (visited)
 Temple: D:4-7

Altars:
Elyvilon
Fedhas
Gozag
Nemelex Xobeh
Okawaru
Sif Muna

Shops:
D:4 (   D:6 *

Annotations:
D:3 3 runed translucent doors, Martiln's ghost, amateur MfTm
D:4 Edmund


Innate Abilities, Weirdness & Mutations

((You are very nimble when in or above water. (Stealth+, EV+, Speed+++)))
Your lower body shifts to a powerful aquatic tail in water.


Message History

You hit the centaur. You burn the centaur.
The centaur is severely wounded.
You hit the centaur. You burn the centaur.
The centaur is almost dead.
The centaur hits you.
The centaur kicks you but does no damage.
Your +2 falchion of flaming stops flaming.
You feel a sense of dread.
K - a +6 vampiric great sword (weapon)
The centaur hits you. The centaur closely misses you.
You barely miss the centaur.
The centaur is almost dead.
The centaur misses you.
The centaur kicks you but does no damage.
You slice the centaur!!
You feel better.
You kill the centaur!
You barely miss the steam dragon. The steam dragon misses you.
The steam dragon barely misses you.
You hit the steam dragon.
You feel better.
The steam dragon is lightly wounded.
The steam dragon breathes steam at you. The ball of steam misses you.
You barely miss the steam dragon.
The steam dragon is lightly wounded.
You are engulfed in a cloud of scalding steam.
The steam dragon bites you. The steam dragon closely misses you.
You closely miss the steam dragon.
The steam dragon is lightly wounded.
You are engulfed in a cloud of scalding steam.
The steam dragon misses you. The steam dragon closely misses you.
You hit the steam dragon.
You feel better.
The steam dragon is lightly wounded.
You are engulfed in a cloud of scalding steam.
The steam dragon barely misses you. The steam dragon claws you.
You slash the steam dragon!
You feel better.
The steam dragon is heavily wounded.
You are engulfed in a cloud of scalding steam.
The steam dragon breathes steam at you. The ball of steam hits you!!
You die...

### #.. #.# #D#
.# ##### #@# .#
h.....#.# .#
#.§#### .#
#..§..# .###
#.§##.## ...
...#.#...###.#
##.##...#.....##
#.####...##...#
#.# ##.###...#


You could see a steam dragon (catching breath).

Vanquished Creatures
  Pikel (D:6)
  A wraith (D:7)
  Menkaure (D:6)
  A water moccasin (D:6)
  Pargi (Sewer)
  An ice beast (D:5)
  A sky beast (D:6)
  A black bear (D:5)
  2 ogres
  2 orc warriors (D:6)
  3 centaurs
  A lemure (D:6)
  A phantom (D:5)
  2 kobold brigands (D:6)
  2 scorpions
  A howler monkey (D:4)
  3 hounds
  3 jellies
  2 orc priests
  An iguana (D:6)
  Jessica (D:2)
  An orc wizard (D:5)
  A river rat (D:6)
  12 adders
  A shadow imp (D:7)
  A white imp (D:5)
  3 dart slugs
  2 worms (D:2)
  17 orcs
  4 bats
  4 endoplasms
  5 giant cockroaches
  5 goblins
  7 hobgoblins
  4 jackals (D:2)
  16 kobolds
  3 quokkas
  5 ball pythons
  4 frilled lizards
  9 rats
136 creatures vanquished.

Vanquished Creatures (others)
  An orc wizard (D:6)
1 creature vanquished.

Grand Total: 137 creatures vanquished

Notes
Turn   | Place    | Note
-------+----------+-------------------------------------------
     0 | D:1      | Leeroy the Merfolk Gladiator began the quest for the Orb.
     0 | D:1      | Reached XP level 1. HP: 16/16 MP: 1/1
    73 | D:1      | Reached skill level 4 in Long Blades
   127 | D:1      | Reached XP level 2. HP: 21/22 MP: 2/2
   141 | D:1      | Found a faded altar of an unknown god.
   709 | D:2      | Reached XP level 3. HP: 27/27 MP: 3/3
   710 | D:2      | Noticed Jessica
   716 | D:2      | Killed Jessica
   717 | D:2      | Reached skill level 5 in Long Blades
   758 | D:2      | Reached XP level 4. HP: 28/33 MP: 4/4
   807 | D:2      | Reached skill level 6 in Long Blades
   910 | D:2      | Found a white marble altar of Elyvilon.
  1370 | D:3      | Reached XP level 5. HP: 38/38 MP: 5/5
  1545 | D:3      | Identified the +3 cloak "Wufumut" {Will+ rCorr Str+8 Dex-3}
  1563 | D:3      | Found a blossoming altar of Fedhas.
  1862 | D:3      | Found a runed translucent gate.
  1862 | D:3      | Found a runed translucent gate.
  1862 | D:3      | Found a runed translucent gate.
  1863 | D:3      | Found an opulent altar of Gozag.
  1863 | D:3      | Noticed Martiln's ghost (amateur MfTm)
  1876 | D:3      | Learned a level 2 spell: Wereblood
  2085 | D:4      | Reached skill level 7 in Long Blades
  2310 | D:4      | Found Aczomy's Antique Weapon Shop.
  2311 | D:4      | Noticed Edmund
  2614 | D:5      | Entered Level 5 of the Dungeon
  2732 | D:5      | Reached skill level 8 in Long Blades
  2732 | D:5      | Reached XP level 6. HP: 32/44 MP: 6/6
  2872 | D:5      | Noticed a black bear
  2888 | D:5      | Noticed an ice beast
  2906 | D:5      | Killed an ice beast
  3084 | D:5      | Reached skill level 9 in Long Blades
  3200 | D:5      | Reached XP level 7. HP: 43/50 MP: 7/7
  3444 | D:5      | Reached skill level 10 in Long Blades
  4142 | D:4      | Bought a runed great sword for 237 gold pieces
  4181 | D:4      | Reached skill level 11 in Long Blades
  4266 | D:5      | Reached XP level 8. HP: 49/56 MP: 8/8
  4416 | D:5      | Found an opulent altar of Gozag.
  4465 | D:5      | Learned a level 3 spell: Frozen Ramparts
  4495 | D:6      | Found Cuantigrue's Gadget Gallery.
  4520 | D:6      | Found a glowing drain.
  4556 | Sewer    | Entered a sewer
  4983 | Sewer    | Noticed Pargi
  4990 | Sewer    | Killed Pargi
  5065 | D:6      | Reached skill level 12 in Long Blades
  5496 | D:6      | Reached skill level 13 in Long Blades
  5767 | D:6      | Noticed Pikel
  5780 | D:6      | Killed Pikel
  5781 | D:6      | Reached skill level 14 in Long Blades
  5781 | D:6      | Reached XP level 9. HP: 36/61 MP: 9/9
  5791 | D:6      | Noticed Menkaure
  5804 | D:6      | Killed Menkaure
  5952 | D:6      | Found an iron altar of Okawaru.
  6261 | D:6      | Found a sparkling altar of Nemelex Xobeh.
  6551 | D:6      | Reached skill level 15 in Long Blades
  6681 | D:7      | Found a shimmering blue altar of Sif Muna.
  6697 | D:7      | Reached skill level 5 in Dodging
  6845 | D:7      | Identified the +3 chain mail of Pathos {MP+9 Dex+3}
  6862 | D:7      | Killed from afar by a steam dragon

Illustrated notes

Levels and vault maps discovered:
D:1:      dpeg_arrival_tiny_j, layout_loops_ring, basic_ecumenical_altar
D:2:      layout_basic, basic_altar, uniq_jessica
D:3:      layout_rooms, fedhas_ov_isle_minmay, ebering_ghost_gozag,
          dk_vineyard_2
D:4:      layout_basic, serial_shops, nicolae_shop_crystal, st_stairs_8,
          grunt_ministairs_3, uniq_edmund
D:5:      layout_basic, lemuel_coloured_pillars_altar, serial_park_tiny_2,
          kennysheep_generic_room_7
D:6:      layout_basic, mainiacjoe_overflow_tiny_flanked, okawaru_trees_1,
          portal_sewer_entry_b, st_stairs_8, minmay_misc_feat_rugged,
          skrybe_limestone_x, nicolae_shop_gadgets, uniq_menkaure, uniq_pikel
D:7:      layout_loops_ring, nicolae_sif_muna_condensation,
          grunt_temple_overflow_open, minmay_temple_entry_overgrown,
          kennysheep_generic_room_12

Skill      XL: |  1  2  3  4  5  6  7  8  9 |
---------------+----------------------------+-----
Long Blades    | 4 5 6 8 9 11 14 15 | 15.1
Dodging        | 5 |  5.6
Fighting       | |  2.1
Throwing       | |  2.0

Action                     |  1- 3 |  4- 6 |  7- 9 || total
---------------------------+-------+-------+-------++-------
  Melee: Long sword        |    66 |   171 |    49 ||   286
         Punch             |       |     2 |     1 ||     3
         Falchion          |       |       |    94 ||    94
         Great sword       |       |       |   110 ||   110
         Tailslap          |       |       |     4 ||     4
    Use: Scroll            |       |     2 |     5 ||     7
         Potion            |       |     2 |     2 ||     4
   Stab: Sleeping          |       |     2 |     1 ||     3
         Distracted        |       |       |     1 ||     1
 Armour: Leather armour    |    16 |    54 |    54 ||   124
  Dodge: Dodged            |    55 |   121 |   171 ||   347

Table legend: (Time is in decaauts)
 A = Elapsed time spent in this place.
 B = Non-inter-level travel time spent in this place.
 C = Inter-level travel time spent in this place.
 D = Time resting spent in this place.
 E = Time spent auto-exploring this place.
 F = Levels seen in this place.
 G = Mean time per level.
                   A        B        C        D        E       F      G
               +--------+--------+--------+--------+--------+-----+--------+
         Total |   6841 |   6530 |    311 |   1249 |   3990 |   8 |  855.1 |
       Dungeon |   6338 |   6027 |    311 |    894 |   3919 |   7 |  905.4 |
         Sewer |    503 |    503 |      0 |    355 |     71 |   1 |  503.0 |
               +--------+--------+--------+--------+--------+-----+--------+

Top non-repeatable levels by time:
     D:6: 1546 daAuts
     D:5: 1535 daAuts
     D:4: 1027 daAuts
     D:1: 712 daAuts
     D:3: 666 daAuts
     D:2: 663 daAuts
   Sewer: 503 daAuts
     D:7: 185 daAuts
